 Dungeon Crawl Stone Soup version 0.29-a0-994-gc5c9f59d18 (webtiles) character file.

Game seed: 349000998050525964

26 Newt the Twirler (level 3, -4/22 HPs)
             Began as a Gargoyle Gladiator on Aug 3, 2022.
             Slain by an ogre
             ... wielding a +0 giant club
              (23 damage)
             ... on level 2 of the Dungeon.
             The game lasted 00:01:38 (942 turns).

Newt the Twirler (Gargoyle Gladiator)                Turns: 942, Time: 00:01:39

Health: -4/22      AC: 12    Str: 17    XL:     3   Next: 8%
Magic:  0/3        EV:  7    Int:  8    God:
Gold:   29         SH:  0    Dex: 13    Spells: 2/2 levels left

rFire   . . .      SeeInvis .   a - +0 quarterstaff
rCold   . . .      Faith    .   (shield currently unavailable)
rNeg    + . .      Spirit   +   h - +0 chain mail
rPois   ∞          Reflect  .   c - +0 helmet
rElec   +          Harm     .   (no cloak)
rCorr   .          Rampage  .   (no gloves)
Will    .....                   (no boots)
Stlth   ..........              k - amulet of guardian spirit
HPRegen 0.07/turn               (no ring)
MPRegen 0.08/turn               (no ring)

@: no status effects
A: sickness immunity, AC +3, negative energy resistance 1, electricity
resistance, torment resistance 1, petrification resistance
a: no special abilities


You were on level 2 of the Dungeon.
You visited 1 branch of the dungeon, and saw 2 of its levels.

You collected 29 gold pieces.

Inventory:

Hand Weapons
 a - a +0 quarterstaff (weapon)
Missiles
 d - 2 throwing nets (quivered)
 e - a javelin
Armour
 b - a +0 leather armour
 c - a +0 helmet (worn)
 h - a +0 chain mail (worn)
Jewellery
 k - an amulet of guardian spirit (around neck)
Scrolls
 j - a scroll of magic mapping {unknown}
Potions
 f - a potion of attraction {unknown}
 g - a potion of lignification {unknown}
 i - a potion of curing {unknown}


   Skills:
 + Level 2.7 Fighting
 + Level 3.3 Staves
 + Level 1.9 Throwing
 * Level 1.0 Armour
 + Level 2.5 Dodging
 * Level 0.3 Evocations


You had 2 spell levels left.
You didn't know any spells.
Your spell library was empty.

Dungeon Overview and Level Annotations

Branches:
Dungeon (2/15)

Altars:


Innate Abilities, Weirdness & Mutations

You are immune to sickness and miasma.
Your stone body is resilient. (AC +3)
You are immune to poison.
You resist negative energy. (rN+)
You are resistant to electric shocks. (rElec)
You are resistant to unholy torment.
You are immune to petrification.


Message History

You closely miss the kobold. The kobold hits you with a +0 dagger.
You sock the kobold!
You kill the kobold!
No target in view!
No target in view!
HP restored.
Things that are here:
a +0 dagger; a kobold corpse
j - a scroll labelled AZXAWU UCWUXTANES
k - an amulet of guardian spirit You start putting on your amulet.
You continue putting on your amulet of guardian spirit. x2
The hobgoblin shouts!
You hear a shout! x2
You continue putting on your amulet of guardian spirit. x3
You finish putting on your amulet of guardian spirit.
You feel your power drawn to a protective spirit.
k - an amulet of guardian spirit (around neck)
The hobgoblin barely misses you.
You hit the hobgoblin.
The hobgoblin is almost dead.
The hobgoblin hits you.
You sock the hobgoblin!
You kill the hobgoblin!
No target in view!
No target in view!
No target in view!
A hobgoblin is nearby!
You see here a hobgoblin corpse.
You closely miss the hobgoblin.
The hobgoblin hits you but does no damage.
You closely miss the hobgoblin. The hobgoblin closely misses you.
You barely miss the hobgoblin.
The ogre shouts!
The hobgoblin hits you but does no damage.
You barely miss the hobgoblin.
The hobgoblin hits you but does no damage.
You hit the ogre but do no damage. The hobgoblin closely misses you.
The ogre hits you with a +0 giant club!!
Ouch! That really hurt!
You die...

#...##.###..# #...#
##.<##.# #..###.#.#
.#####.###....g...#
..J...............#
.#####.####.##.#..#
##.........#......#
#...#######.##.#..#
#...# #.##.#gO#
#..†#######.##.#@.#
###..O......##.#†.#
#.##########.#..# #
#.# #.#..# ###.#
#.#..# .##.# #....#
....# #.##.# .#..#
#.##)# ##..# #.##.#


You could see an ogre and a hobgoblin.

Vanquished Creatures
  A worm (D:2)
  2 dart slugs
  A ball python (D:1)
  2 endoplasms
  A giant cockroach (D:1)
  2 goblins (D:1)
  2 hobgoblins
  A kobold (D:2)
  A quokka (D:1)
  2 bats (D:2)
  3 rats
18 creatures vanquished.

Notes
Turn   | Place    | Note
-------+----------+-------------------------------------------
     0 | D:1      | Newt the Gargoyle Gladiator began the quest for the Orb.
     0 | D:1      | Reached XP level 1. HP: 12/12 MP: 1/1
   312 | D:1      | Reached XP level 2. HP: 15/17 MP: 2/2
   806 | D:2      | Noticed an ogre
   899 | D:2      | Reached skill level 1 in Armour
   899 | D:2      | Reached XP level 3. HP: 22/22 MP: 3/3
   942 | D:2      | Slain by an ogre

Illustrated notes

Levels and vault maps discovered:
D:1:      spicycebolla_green_bress_n_ham, layout_loops_ring
D:2:      minmay_general_purpose_star, layout_loops_ring,
          shapermc_ecumenical_altar_petra, minmay_misc_feat_more_columns

Skill      XL: |  1  2 |
---------------+-------+-----
Armour         | 1 |  1.0
Fighting       | |  2.7
Staves         | |  3.3
Throwing       | |  1.9
Dodging        | |  2.5
Evocations     | |  0.3

Action                   || total
-------------------------++-------
Melee: Quarterstaff      ||    45
Throw: Throwing net      ||     1
  Use: Scroll            ||     1
Armor: Leather armour    ||     8
       Chain mail        ||    15
Dodge: Dodged            ||    23

Table legend: (Time is in decaauts)
 A = Elapsed time spent in this place.
 B = Non-inter-level travel time spent in this place.
 C = Inter-level travel time spent in this place.
 D = Time resting spent in this place.
 E = Time spent auto-exploring this place.
 F = Levels seen in this place.
 G = Mean time per level.
                   A        B        C        D        E       F      G
               +--------+--------+--------+--------+--------+-----+--------+
         Total |    948 |    885 |     63 |      0 |    702 |   2 |  474.0 |
       Dungeon |    948 |    885 |     63 |      0 |    702 |   2 |  474.0 |
               +--------+--------+--------+--------+--------+-----+--------+

Top non-repeatable levels by time:
     D:1: 743 daAuts
     D:2: 204 daAuts
